 Dungeon Crawl Stone Soup version 0.29.0-4-gdea44cf6ec (webtiles) character file.

Game seed: 5175393506629544143

1005 qw the Cleaver (level 8, -13/46 HPs)
             Began as a Tengu Warper on Aug 28, 2022.
             Mangled by an ogre
             ... wielding a +0 giant spiked club
              (21 damage)
             ... on level 5 of the Dungeon.
             The game lasted 00:00:25 (4509 turns).

qw the Cleaver (Tengu Warper)                       Turns: 4509, Time: 00:00:26

Health: -13/46     AC: 13    Str: 13    XL:     8   Next: 20%
Magic:  12/12      EV:  7    Int: 18    God:
Gold:   351        SH:  4    Dex: 14    Spells: 11/11 levels left

rFire   + . .      SeeInvis .   Y - +2 hand axe (elec)
rCold   . . .      Faith    .   k - +0 buckler
rNeg    . . .      Spirit   .   i - +4 chain mail of the Ten Yaks {rF+ Int+4}
rPois   .          Reflect  .   (helmet restricted)
rElec   .          Harm     .   (no cloak)
rCorr   .          Rampage  .   (no gloves)
Will    .....                   (boots unavailable)
Stlth   ..........              (no amulet)
HPRegen 0.15/turn               (no ring)
MPRegen 0.13/turn               (no ring)

@: about to teleport, flying quickly and evasively, quick
A: beak, talons 3, nimble flight
a: no special abilities


You were on level 5 of the Dungeon.
You visited 1 branch of the dungeon, and saw 5 of its levels.

You collected 351 gold pieces.


Innate Abilities, Weirdness & Mutations

You have a beak for a mouth.
You have claws for feet.
Your magical nature lets you fly swiftly and evasively.


   Skills:
 - Level 3.0 Fighting
 + Level 8.2 Axes
 - Level 1.0 Throwing
 - Level 5.0 Armour
 - Level 2.1 Dodging
 - Level 2.1 Shields
 - Level 2.0 Spellcasting
 - Level 2.4 Translocations


You had 11 spell levels left.
You didn't know any spells.
Your spell library contained the following spells:

 Spells                   Type           Power      Damage    Failure   Level
 Blink                    Tloc           20%        N/A       98%         2
 Gell's Gravitas          Tloc           10%        N/A       100%        3
 Lesser Beckoning         Tloc           10%        N/A       100%        3
 Teleport Other           Tloc           10%        N/A       100%        3
 Manifold Assault         Tloc           10%        N/A       100%        5

Inventory:

Hand Weapons
 f - a +0 flail
 Y - a +2 hand axe of electrocution (weapon)
Missiles
 a - 2 boomerangs (quivered)
Armour
 i - the +4 chain mail of the Ten Yaks (worn) {rF+ Int+4}
   (You acquired it on level 3 of the Dungeon)

   Int:       It affects your intelligence (+4).
   rF:        It protects you from fire.
 k - a +0 buckler (worn)
Jewellery
 b - a ring of ice
 n - a +4 ring of evasion
Scrolls
 h - a scroll of identify
Potions
 c - a potion of might {unknown}
 d - a potion of lignification {unknown}
 e - a potion of mutation {unknown}
 g - a potion of magic {unknown}
 l - a potion of curing {unknown}
 m - a potion of cancellation {unknown}

Dungeon Overview and Level Annotations

Branches:
Dungeon (5/15)
 Temple: D:4-7

Altars:
Cheibriados
Elyvilon
Gozag


Message History

Found a stone staircase leading up.
An iguana comes into view.
You hit the iguana. You claw the iguana, but do no damage.
The iguana is moderately wounded.
The iguana bites you.
You hit the iguana. Lightning courses through the iguana!
You kill the iguana!
You start resting.
HP restored.
You see here an iguana corpse.
n - a +4 ring of evasion An ogre comes into view.
It is wielding a +0 giant spiked club.
Found a leather armour.
The ogre shouts!
Throw: 3 boomerangs
Press: ? - help, Q - select action Shift-Dir - straight line, f - ogre You throw a boomerang.
The boomerang barely misses the ogre.
Throw: 3 boomerangs
Press: ? - help, Q - select action Shift-Dir - straight line, f/p - ogre You throw a boomerang.
The boomerang hits the ogre.
The ogre is lightly wounded.
Throw: 2 boomerangs
Press: ? - help, Q - select action Shift-Dir - straight line, f/p - ogre You throw a boomerang.
The boomerang hits the ogre.
The ogre is moderately wounded.
You hit the ogre. You claw the ogre.
The ogre is severely wounded.
The ogre hits you with a +0 giant spiked club!!
Ouch! That really hurt!
You completely miss the ogre. Your kick misses the ogre.
You peck the ogre, but do no damage.
The ogre is severely wounded.
The ogre hits you with a +0 giant spiked club!
4508 ||| READING scroll of teleportation.
As you read the scroll of teleportation, it crumbles to dust.
You feel strangely unstable.
You hit the ogre. Your kick misses the ogre.
The ogre is severely wounded.
The ogre hits you with a +0 giant spiked club!!
You die...

###~###.....# .# ..
....:.###.###.###..
##.#.# #..<.....^..
# #. #........... #
##...##.....
..#.##..#..#..###
......###%...#
###...#..##.#
#.O@..## # #..####
#.. #.. #.. #[. #..
#..


You could see an ogre.

Vanquished Creatures
  Pikel (D:4)
  Sigmund (D:2)
  An ogre (D:4)
  2 lemures (D:4)
  A scorpion (D:3)
  Jessica (D:2)
  2 iguanas
  A gnoll (D:4)
  5 adders
  A white imp (D:5)
  An ufetubus (D:4)
  A dart slug (D:4)
  9 orcs
  6 endoplasms
  A giant cockroach (D:4)
  10 goblins
  9 hobgoblins
  4 jackals
  2 quokkas
  2 ball pythons
  5 bats
  2 frilled lizards (D:1)
  11 kobolds
  5 rats
84 creatures vanquished.

Vanquished Creatures (others)
  7 fungi (D:2)
7 creatures vanquished.

Grand Total: 91 creatures vanquished

Notes
Turn   | Place    | Note
-------+----------+-------------------------------------------
     0 | D:1      | qw the Tengu Warper began the quest for the Orb.
     0 | D:1      | Reached XP level 1. HP: 12/12 MP: 4/4
     0 | D:1      | 0 ||| qw: Version: 0.1-a-89-g26bdef1
     0 | D:1      | 0 ||| qw: Game counter: 735
     0 | D:1      | 0 ||| qw: Always use a shield: true
     0 | D:1      | 0 ||| qw: God list: Okawaru
     0 | D:1      | 0 ||| qw: Allow faded altars: false
     0 | D:1      | 0 ||| qw: Do Orc after D:15 true
     0 | D:1      | 0 ||| qw: Do second Lair branch before Depths: true
     0 | D:1      | 0 ||| qw: Lair rune preference: random
     0 | D:1      | 0 ||| qw: Plans: Normal
     0 | D:1      | 0 ||| PLANNING D:1-11
    30 | D:1      | 30 ||| Stepping ~*~*~tactically~*~*~ (stealth).
    61 | D:1      | 61 ||| Stepping ~*~*~tactically~*~*~ (stealth).
    62 | D:1      | 62 ||| Stepping ~*~*~tactically~*~*~ (stealth).
    68 | D:1      | 68 ||| Stepping ~*~*~tactically~*~*~ (stealth).
   145 | D:1      | Found a faded altar of an unknown god.
   209 | D:1      | Reached XP level 2. HP: 17/17 MP: 6/6
   336 | D:1      | Reached skill level 3 in Axes
   656 | D:1      | 656 ||| SWAPPING to +2 hand axe of electrocution.
   657 | D:1      | 657 ||| DROPPING +0 hand axe.
   865 | D:1      | Reached XP level 3. HP: 21/21 MP: 7/7
   869 | D:1      | 869 ||| DROPPING +0 club.
  1012 | D:1      | 1012 ||| UPGRADING to +0 ring mail.
  1022 | D:1      | 1022 ||| DROPPING +0 leather armour.
  1023 | D:1      | 1023 ||| UPGRADING to +0 plate armour.
  1033 | D:1      | 1033 ||| DROPPING +0 ring mail.
  1034 | D:1      | 1034 ||| READING scroll labelled GIEBBE SONIEV.
  1035 | D:1      | 1035 ||| READING scroll labelled JYIGHE USTRA.
  1036 | D:1      | 1036 ||| READING scroll labelled SEPHEX KAQAMNI.
  1037 | D:1      | 1037 ||| DROPPING scroll of blinking.
  1057 | D:2      | Found a white marble altar of Elyvilon.
  1134 | D:2      | Reached skill level 4 in Axes
  1651 | D:2      | Noticed Sigmund
  1656 | D:2      | Killed Sigmund
  1657 | D:2      | Reached XP level 4. HP: 16/26 MP: 8/8
  1657 | D:2      | Gained mutation: Your magical nature lets you fly swiftly
                  | and evasively. [Tengu growth]
  1657 | D:2      | Reached XP level 5. HP: 19/30 MP: 9/9
  1965 | D:2      | 1965 ||| Stepping ~*~*~tactically~*~*~ (stealth).
  1970 | D:2      | 1970 ||| Stepping ~*~*~tactically~*~*~ (stealth).
  1982 | D:2      | Noticed Jessica
  1988 | D:2      | Killed Jessica
  1989 | D:2      | Reached XP level 6. HP: 35/35 MP: 10/10
  2027 | D:2      | 2027 ||| READING scroll labelled HEJUUTHAMI.
  2237 | D:3      | Reached skill level 5 in Axes
  2238 | D:3      | 2238 ||| Stepping ~*~*~tactically~*~*~ (stealth).
  2239 | D:3      | 2239 ||| Stepping ~*~*~tactically~*~*~ (stealth).
  2261 | D:3      | 2261 ||| FLEEEEING.
  2262 | D:3      | 2262 ||| FLEEEEING.
  2463 | D:3      | 2463 ||| DROPPING +0 whip.
  3076 | D:3      | 3076 ||| UPGRADING to +0 buckler.
  3081 | D:3      | 3081 ||| READING scroll labelled NOWORAMMUT.
  3081 | D:3      | Identified a scroll of acquirement
  3081 | D:3      | 3081 ||| ACQUIRING +4 chain mail of the Ten Yaks {rF+
                  | Int+4}
  3081 | D:3      | Acquired the +4 chain mail of the Ten Yaks {rF+ Int+4}
  3083 | D:3      | 3083 ||| UPGRADING to +4 chain mail of the Ten Yaks {rF+
                  | Int+4}.
  3093 | D:3      | 3093 ||| DROPPING +0 plate armour.
  3094 | D:3      | 3094 ||| READING 2 scrolls labelled AGED FYXUVOU.
  3097 | D:3      | 3097 ||| READING scroll labelled MUGALEFFAHEO.
  3184 | D:4      | Found an opulent altar of Gozag.
  3343 | D:4      | 3343 ||| Stepping ~*~*~tactically~*~*~ (stealth).
  3344 | D:4      | 3344 ||| Stepping ~*~*~tactically~*~*~ (stealth).
  3345 | D:4      | 3345 ||| Stepping ~*~*~tactically~*~*~ (stealth).
  3349 | D:4      | Noticed Pikel
  3350 | D:4      | 3350 ||| Stepping ~*~*~tactically~*~*~ (stealth).
  3354 | D:4      | 3354 ||| Stepping ~*~*~tactically~*~*~ (stealth).
  3404 | D:4      | 3404 ||| Stepping ~*~*~tactically~*~*~ (stealth).
  3405 | D:4      | 3405 ||| Stepping ~*~*~tactically~*~*~ (stealth).
  3407 | D:4      | 3407 ||| Stepping ~*~*~tactically~*~*~ (hiding).
  3421 | D:4      | Killed Pikel
  3422 | D:4      | Reached skill level 8 in Axes
  3422 | D:4      | Reached XP level 7. HP: 16/40 MP: 11/11
  3422 | D:4      | Reached XP level 8. HP: 18/44 MP: 12/12
  3649 | D:4      | Found a snail-covered altar of Cheibriados.
  3801 | D:4      | 3801 ||| Stepping ~*~*~tactically~*~*~ (stealth).
  4400 | D:4      | 4400 ||| READING scroll labelled OSEVEO SOCI XOET.
  4401 | D:4      | 4401 ||| READING 2 scrolls of identify.
  4401 | D:4      | 4401 ||| IDENTIFYING fizzy coppery potion
  4402 | D:4      | 4402 ||| DROPPING potion of attraction.
  4436 | D:5      | Entered Level 5 of the Dungeon
  4449 | D:5      | Reached skill level 3 in Fighting
  4507 | D:5      | HP: 7/46 [ogre/+0 giant spiked club (11)]
  4508 | D:5      | 4508 ||| READING scroll of teleportation.
  4509 | D:5      | Mangled by an ogre

Levels and vault maps discovered:
D:1:      psy_arrival_radial01, layout_rooms,
          hellmonk_ecumenical_altar_heavens_door, kennysheep_another_room,
          serial_park_tiny_2, st_stairs_4, minmay_box_of_dots
D:2:      layout_basic, basic_altar, dreamdust_mushroom_princess, uniq_sigmund,
          uniq_jessica
D:3:      layout_loops_ring, minmay_fractal_squares_gapless_5
D:4:      layout_loops_ring, grunt_gozag_breadcrumbs,
          mainiacjoe_overflow_six_doors_small, minmay_pentangle, uniq_pikel
D:5:      layout_loops_ring, grunt_decor_cap

Skill      XL: |  1  2  3  4  5  6  7  8 |
---------------+-------------------------+-----
Axes           | 3 4 8 |  8.2
Armour         | 5 |  5.0
Shields        | 2 |  2.1
Fighting       | 3 |  3.0
Throwing       | |  1.0
Dodging        | |  2.1
Spellcasting   | |  2.0
Translocations | |  2.4

Action                   |  1- 3 |  4- 6 |  7- 9 || total
-------------------------+-------+-------+-------++-------
Melee: Hand axe          |    56 |    83 |    40 ||   179
       Kick              |    13 |    13 |    10 ||    36
       Peck              |     6 |    11 |     2 ||    19
       Punch             |       |     1 |       ||     1
Throw: Boomerang         |     9 |    35 |    23 ||    67
  Use: Scroll            |     3 |     4 |     3 ||    10
Armor: Leather armour    |     4 |       |       ||     4
       Plate armour      |     7 |    20 |       ||    27
       Chain mail        |       |    19 |     9 ||    28
Dodge: Dodged            |    17 |    16 |     3 ||    36
Block: Buckler           |       |     6 |     2 ||     8

Table legend:
 A = Non-vault XP
 B = Vault XP
 C = Vault XP percentage of total XP
 D = Non-vault monster count
 E = Vault monster count
 F = Vault count percentage of total count
                 A         B        C        D         E       F
            +---------+---------+-------+---------+---------+-------
      Total |     410 |    1026 |  71.4 |      59 |      23 |  28.0
            +---------+---------+-------+---------+---------+-------
        D:1 |      26 |      11 |  29.7 |      16 |       7 |  30.4
        D:2 |      28 |     268 |  90.5 |      14 |       2 |  12.5
        D:3 |      97 |      18 |  15.7 |      11 |       3 |  21.4
        D:4 |     212 |     729 |  77.5 |      16 |      11 |  40.7
        D:5 |      47 |       0 |   0.0 |       2 |       0 |   0.0
            +---------+---------+-------+---------+---------+-------
